 Dungeon Crawl Stone Soup version 0.22-a0-422-g9628fc8 (webtiles) character file.

24091 Jynxie the Warrior (level 13, -1/95 HPs)
             Began as a Gargoyle Berserker on May 22, 2018.
             Was a High Priest of Trog.
             Slain by a blink frog (12 damage)
             ... on level 4 of the Lair of Beasts.
             The game lasted 01:24:13 (15425 turns).

Jynxie the Warrior (Gargoyle Berserker)            Turns: 15425, Time: 01:24:13

Health: -1/95      AC: 29    Str: 19      XL:     13   Next: 10%
Magic:  3/3        EV: 10    Int:  8 (10) God:    Trog [*****.]
Gold:   747        SH:  0    Dex: 12      Spells: 12/12 levels left

rFire    + . .     SeeInvis .   M - +4 battleaxe (antimagic)
rCold    + . .     Gourm    .   (shield currently unavailable)
rNeg     + . .     Faith    .   G - +4 scale mail
rPois    ∞         Spirit   .   d - +2 helmet
rElec    +         Reflect  .   J - +0 cloak
rCorr    .         Harm     .   m - +1 pair of gloves
MR       +....                  U - +0 pair of boots {run}
Stlth    ..........             (no amulet)
HPRegen  0.25/turn              i - +3 ring of slaying
MPRegen  0.08/turn              s - ring of protection from magic

@: quick
A: slimy green scales 1, clever 1, cold resistance 1, [deterioration 2], fire
resistance 1, [low mp 2], negative energy resistance 1, electricity resistance,
[weak 2], unbreathing, petrification resistance, rot immunity, AC +9
a: Berserk, Trog's Hand, Brothers in Arms, Renounce Religion


You were on level 4 of the Lair of Beasts.
You worshipped Trog.
Trog was extremely pleased with you.
You were not hungry.

You visited 3 branches of the dungeon, and saw 16 of its levels.
You visited the Abyss 1 time.
You also visited: Labyrinth.

You collected 791 gold pieces.
You spent 44 gold pieces at shops.

Inventory:

Hand Weapons
 a - a +2 vampiric hand axe
 k - a cursed -2 blowgun
 o - a +0 hunting sling
 I - a +0 arbalest
 M - a +4 antimagic battleaxe (weapon)
 N - a +0 morningstar
 S - a +1 battleaxe of venom
 Y - a +0 shortbow
Missiles
 b - 8 curare-tipped needles
 h - 161 sling bullets
 l - 76 poisoned needles
 p - 412 stones
 t - 2 tomahawks (quivered)
 K - 17 javelins of returning
Armour
 d - a +2 helmet (worn)
 m - a +1 pair of gloves (worn)
 G - a +4 scale mail (worn)
 J - a +0 cloak (worn)
 U - a +0 pair of boots of running (worn)
Jewellery
 i - a +3 ring of slaying (left hand)
 r - an uncursed ring of fire
 s - a ring of protection from magic (right hand)
 C - an uncursed ring of positive energy
 E - an uncursed ring of protection from cold
 H - an uncursed ring of protection from cold
 R - an uncursed ring of positive energy
Wands
 w - a wand of random effects (44)
 z - a wand of scattershot (5)
 F - a wand of acid (28)
 P - a wand of disintegration (8)
 Q - a wand of flame (51)
Scrolls
 e - 8 scrolls of identify
 f - 3 scrolls of remove curse
 g - 3 scrolls of fog
 j - 2 scrolls of teleportation
 A - 2 scrolls of fear
 L - 3 scrolls of magic mapping
Potions
 n - a potion of flight
 q - a potion of might
 u - a potion of agility
 x - a potion of magic
Miscellaneous
 W - a box of beasts
Comestibles
 c - 17 rations


   Skills:
 * Level 16.6 Fighting
 * Level 14.3 Axes
 - Level 2.1 Armour
 - Level 1.5 Dodging


You had 12 spell levels left.
You didn't know any spells.
Your spell library contained the following spells:

 Spells                   Type           Power        Failure   Level  Hunger
 Confuse                  Hex            #.......     98%         3    ####...
 Tukima's Dance           Hex            #.......     98%         3    ####...
 Swiftness                Chrm/Air       #.......     89%         2    ###....
 Statue Form              Tmut/Erth      #........    100%        6    #######
 Dragon Form              Tmut           #.........   100%        7    #######
 Ensorcelled Hibernation  Hex/Ice        #.....       89%         2    ###....
 Corona                   Hex            #......      78%         1    ##.....
 Dazzling Spray           Conj/Hex       #.....       98%         3    ####...
 Hydra Form               Tmut           #.........   100%        6    #######
 Irradiate                Conj/Tmut      #.........   100%        5    ######.
 Yara's Violent Unravell  Hex/Tmut       #.........   100%        5    ######.
 Poisonous Vapours        Pois/Air       #.....       89%         2    ###....


Dungeon Overview and Level Annotations

Branches:
Dungeon (11/15)            Temple (1/1) D:4            Lair (4/6) D:9
  Swamp: Lair:2-4    Shoals: Lair:2-4     Snake: Lair:2-4    Spider: Lair:2-4
    Orc: D:9-12

Altars:
Ashenzari
Cheibriados
Dithmenos
Elyvilon
Fedhas
Gozag
Hepliaklqana
Kikubaaqudgha
Makhleb
Nemelex Xobeh
Okawaru
Qazlal
Ru
Sif Muna
Trog
Uskayaw
Vehumet
Wu Jian
Xom
Yredelemnul
Zin
The Shining One
Lugonu

Shops:
D:4 *   D:7 [   D:11 %

Annotations:
Lair:2 exclusion: 3 oklob plants
Lair:4 Sonja


Innate Abilities, Weirdness & Mutations

You are resistant to torment.
Your stone body is resilient. (AC +9)
You are immune to poison.
You resist negative energy. (rN+)
You are resistant to electric shocks. (rElec)
You can survive without breathing.
You are immune to petrification.
You are immune to rotting.
You are partially covered in slimy green scales. (AC +2)
Your mind is acute. (Int +2)
Your flesh is cold resistant. (rC+)
Your flesh is heat resistant. (rF+)
[Your body often deteriorates upon taking damage.]
[Your magical capacity is very low. (-20% MP)]
[You are very weak. (Str -4)]


Message History

There is a large open door here.
As you open the huge gate, it creaks loudly!
Found a gateway leading out of the Abyss.
There is a huge open gate here.
There is a huge open gate here.
There is a gateway leading out of the Abyss here.
You pass through the gate.
Welcome back to the Lair of Beasts!
Level annotation: Sonja Sonja shouts!
The water moccasin hisses angrily.
The komodo dragon hisses angrily.
The blink frog hits you but does no damage.
The blink frog misses you.
Sonja unwields an uncursed short sword of distortion.
Its appearance distorts for a moment.
Sonja wields an uncursed blowgun.
Sonja shoots a curare-tipped needle.
The curare-tipped needle barely misses you.
You see here a curare-tipped needle.
You barely miss the blink frog. The blink frog hits you!
You die...

..# #.##..<...#....
....##...........#
..............#.##
...........#...+##
....K#+#+#.#.....##
.........[##......#.
....#.....##........
..........##..⌠.....
##.###.(⌠..#@.......
#...(..F........
....#.....l..⌠.....
......##...?F..K....
.#..§. ##..S..>..⌠$.
#.... ##.........#
#.##. #....⌠...## #.
..#.....#. ..##.+###


You could see a komodo dragon, 2 blink frogs, Sonja and a water moccasin.

Vanquished Creatures
  Gastronok (Lair:2)
  The ghost of Autsider the Cleaver, a journeyman DDFi of Makhleb (Lair:4)
  Snorg (Lair:3)
  The ghost of GameOver the Covert, a journeyman NaWz of Kikubaaqudgha (D:11)
  A hydra (Lair:2)
  Erica (D:8)
  A two-headed ogre (D:8)
  An unseen horror (D:11)
  The ghost of iamserjio the Geomancer, a novice DDEE (D:5)
  A gargoyle (D:11)
  2 torpor snails (Lair:3)
  2 spiny frogs
  A centaur skeleton (D:10)
  A kobold demonologist (D:11)
  A komodo dragon (Lair:1)
  A rime drake (Lair:2)
  A polar bear (D:10)
  3 tyrant leeches (Lair:3)
  5 dream sheep (Lair:1)
  3 hippogriffs
  Sigmund (D:4)
  A wraith (D:11)
  A vampire (D:11)
  11 yaks
  A basilisk (Lair:3)
  2 humans (D:8)
  A soldier ant (D:11)
  5 swamp worms (Lair:3)
  7 water moccasins
  A porcupine (Lair:3)
  3 ice beasts
  2 sky beasts
  A hornet zombie (D:11)
  A black bear (D:9)
  A necrophage (D:10)
  An orc warrior (D:9)
  6 ogres
  8 wolves
  A phantom (D:7)
  4 centaurs
  9 crocodiles
  A big kobold (D:10)
  Blork the orc (D:6)
  9 bullfrogs
  A water moccasin zombie (D:9)
  2 scorpions
  4 killer bees (D:9)
  18 wights
  6 howler monkeys
  3 crimson imps
  5 hounds
  2 bullfrog zombies (D:6)
  A jelly (D:7)
  3 orc priests
  3 orc wizards
  3 bullfrog skeletons
  Jessica (D:2)
  An iguana (D:6)
  10 worker ants
  A hound skeleton (D:5)
  A howler monkey zombie (D:8)
  5 adders
  A hound simulacrum (D:10)
  A shadow imp (D:10)
  A white imp (D:10)
  An ooze (D:4)
  3 worms
  3 dart slugs
  4 leopard geckos
  19 orcs
  13 giant cockroaches
  15 goblins
  12 hobgoblins
  20 jackals
  21 kobolds
  5 quokkas
  2 ball pythons
  11 bats
  11 frilled lizards
  2 leopard gecko skeletons
  6 rats
  2 fungi
332 creatures vanquished.

Vanquished Creatures (collateral kills)
  Rupert (Lair:3)
  An Executioner (Abyss:2)
  A minotaur (Lab)
3 creatures vanquished.

Vanquished Creatures (others)
  An ufetubus (Abyss:2)
  6 plants
  5 starspawn tentacles (Abyss:2)
12 creatures vanquished.

Grand Total: 347 creatures vanquished

Notes
Turn   | Place    | Note
-------+----------+-------------------------------------------
     0 | D:1      | Jynxie the Gargoyle Berserker began the quest for the Orb.
     0 | D:1      | Reached XP level 1. HP: 14/14 MP: 1/1
   133 | D:1      | Reached XP level 2. HP: 16/19 MP: 2/2
   751 | D:2      | Reached ** piety under Trog
   751 | D:2      | Reached XP level 3. HP: 23/24 MP: 3/3
   765 | D:2      | Reached skill level 4 in Fighting
  1127 | D:2      | Noticed Jessica
  1133 | D:2      | Killed Jessica
  1133 | D:2      | Reached XP level 4. HP: 22/30 MP: 4/4
  1323 | D:2      | Reached skill level 9 in Fighting
  1323 | D:2      | Reached XP level 5. HP: 42/42 MP: 5/5
  1324 | D:2      | Reached skill level 11 in Fighting
  1324 | D:2      | Reached skill level 10 in Axes
  1324 | D:2      | Reached XP level 6. HP: 51/51 MP: 6/6
  1330 | D:2      | Gained mutation: Your spells are a little easier to cast, but a little less powerful. [potion of mutation]
  1330 | D:2      | Gained mutation: You evolve. [potion of mutation]
  1540 | D:2      | Gained mutation: You are partially covered in slimy green scales. (AC +2) [evolution]
  1855 | D:3      | Reached *** piety under Trog
  1864 | D:3      | Found a glowing golden altar of the Shining One.
  2105 | D:3      | Reached skill level 12 in Fighting
  2377 | D:4      | Reached XP level 7. HP: 53/56 MP: 7/7
  2605 | D:4      | Reached **** piety under Trog
  2672 | D:4      | Found Uruluwn's General Store.
  2675 | D:4      | Bought a potion of might for 44 gold pieces
  2675 | D:4      | Noticed Sigmund
  2714 | D:4      | Killed Sigmund
  3152 | D:4      | Found a staircase to the Ecumenical Temple.
  3350 | D:4      | Reached XP level 8. HP: 60/60 MP: 8/8
  3362 | D:4      | Found a deep blue altar of Sif Muna.
  3479 | D:4      | Gained mutation: Your flesh is heat resistant. (rF+) [evolution]
  3651 | D:5      | Entered Level 5 of the Dungeon
  3749 | D:5      | Found an opulent altar of Gozag.
  3749 | D:5      | Found a glowing silver altar of Zin.
  3842 | D:5      | Noticed iamserjio's ghost (novice DDEE)
  3859 | D:5      | Killed iamserjio's ghost
  3937 | D:5      | Found a basalt altar of Yredelemnul.
  4312 | D:5      | Lost mutation: Your spells are a little easier to cast, but a little less powerful. [evolution]
  4572 | D:6      | Found a shadowy altar of Dithmenos.
  4574 | D:6      | Noticed Blork the orc
  4668 | D:6      | Found a hazy altar of Hepliaklqana.
  4677 | D:6      | Reached XP level 9. HP: 66/66 MP: 9/9
  4764 | D:6      | Killed Blork the orc
  5290 | D:7      | Found Silimiu's Armour Shoppe.
  5450 | D:7      | Found an ornate altar of the Wu Jian Council.
  5667 | D:7      | Found a snail-covered altar of Cheibriados.
  5851 | D:7      | Reached skill level 13 in Fighting
  5977 | D:8      | Found a shattered altar of Ashenzari.
  6048 | D:8      | Found an iron altar of Okawaru.
  6080 | D:8      | Found a blossoming altar of Fedhas.
  6121 | D:8      | Noticed Erica
  6131 | D:8      | Killed Erica
  6131 | D:8      | Reached XP level 10. HP: 73/73 MP: 10/10
  6228 | D:8      | Noticed a two-headed ogre
  6240 | D:8      | Killed a two-headed ogre
  6658 | D:8      | Reached ***** piety under Trog
  6675 | D:8      | Found a white marble altar of Elyvilon.
  6675 | D:8      | Found a stormy altar of Qazlal.
  7005 | D:9      | Reached XP level 11. HP: 79/79 MP: 11/11
  7012 | D:9      | Reached skill level 14 in Fighting
  7266 | D:9      | Found a hide-covered altar of Uskayaw.
  7426 | D:9      | Found a staircase to the Lair.
  7445 | D:10     | Entered Level 10 of the Dungeon
  7761 | D:10     | Found a stormy altar of Qazlal.
  8303 | D:11     | Noticed GameOver's ghost (journeyman NaWz)
  8333 | D:11     | Killed GameOver's ghost
  8562 | D:11     | Received a gift from Trog
  8564 | D:11     | Noticed a soul eater
  8872 | D:11     | Found Feolotelu's Food Shop.
  8981 | D:11     | Killed an unseen horror
  9283 | Temple   | Entered the Ecumenical Temple
  9467 | Lair:1   | Entered Level 1 of the Lair of Beasts
  9499 | Lair:1   | Reached skill level 15 in Fighting
  9512 | Lair:1   | Reached XP level 12. HP: 70/87 MP: 4/12
 10710 | Lair:2   | Noticed Gastronok
 10722 | Lair:2   | Noticed a seven-headed hydra
 10728 | Lair:2   | Killed Gastronok
 10733 | Lair:2   | Killed a seven-headed hydra
 11176 | Lair:2   | Gained mutation: Your mind is acute. (Int +2) [evolution]
 12620 | Lair:2   | Found a bloodstained altar of Trog.
 12930 | Lair:3   | Noticed Rupert
 12938 | Lair:3   | Killed Rupert
 12938 | Lair:3   | Reached skill level 16 in Fighting
 12990 | Lair:3   | Found a labyrinth entrance.
 12999 | Lab      | Entered a labyrinth
 13135 | Lab      | Noticed a minotaur
 13147 | Lab      | Killed a minotaur
 13261 | Lab      | Identified the Compendium of Transmutation and Lightness
 13300 | Lair:3   | Identified a +0 pair of boots of running (You found it in a labyrinth)
 13918 | Lair:3   | Noticed Snorg
 13930 | Lair:3   | Killed Snorg
 14284 | Lair:4   | Noticed Autsider's ghost (journeyman DDFi)
 14288 | Lair:4   | Reached XP level 13. HP: 95/95 MP: 4/13
 14308 | Lair:4   | Killed Autsider's ghost
 14484 | Lair:4   | Noticed Sonja
 14498 | Lair:4   | Cast into level 2 of the Abyss (Sonja)
 14551 | Abyss:2  | Noticed a tentacled starspawn
 14799 | Abyss:2  | Noticed an Executioner
 14807 | Abyss:2  | Killed an Executioner
 15064 | Abyss:2  | Noticed a tentacled starspawn
 15147 | Abyss:2  | Noticed a brown very ugly thing
 15148 | Abyss:2  | Noticed a brown very ugly thing
 15156 | Abyss:2  | Noticed a lich
 15178 | Abyss:2  | Noticed a tentacled starspawn
 15191 | Abyss:2  | Noticed a Hell Sentinel
 15378 | Abyss:2  | Noticed an angel
 15397 | Abyss:2  | Gained mutation: Your flesh is cold resistant. (rC+) [evolution]
 15397 | Abyss:2  | Lost mutation: You evolve. [end of evolution]
 15424 | Lair:4   | Escaped the Abyss
 15425 | Lair:4   | Slain by a blink frog

Vault maps used:
D:1:      lemuel_arrival_behind_the_door_small, serial_corexii_hall,
          corexii_hall_statues_i, corexii_hall_statues_deadend,
          corexii_hall_statues_i, corexii_hall_statues_u,
          corexii_hall_statues_l, corexii_hall_statues_x
D:2:      serial_bayou_lake_a, uniq_jessica
D:3:      minmay_door_path, marbit_many_paths
D:4:      corexii_shack_village, led_sif_pool, minmay_temple_entry_grid,
          serial_shops, nicolae_shop_behind_doors, first_ration, uniq_sigmund
D:5:      grunt_temple_overflow_gold_and_silver, lemuel_doored_altar
D:6:      kennysheep_mini, grunt_dithmenos_smoke, uniq_blork_the_orc
D:7:      lemuel_crystal_altar, nicolae_overflow_hidden_temple, serial_shops,
          shop_coins, grunt_ogre_cave
D:8:      nicolae_overflow_crystal_walls, okawaru_humans,
          gammafunk_temple_overflow_wave, old_standard_altar, uniq_erica
D:9:      kennysheep_little_box, lair_entry_dummy
D:10:     serial_ice, serial_ice_e, serial_ice_m, serial_ice_l, serial_ice_a,
          serial_ice_n, serial_ice_b, nicolae_qazlal_style_of_elements
D:11:     serial_shops, nicolae_shop_temple_entry_statues_fountains
Temple:   corrupted_temple
Lair:1:   serial_bayou_shore_b, infiniplex_staircase_pool, grunt_megastairs_4
Lair:2:   basic_altar, minmay_lair_oklob_chamber, uniq_gastronok
Lair:3:   lab_entry_generic, hangedman_lair_unloving_vines, worms_lemuel,
          uniq_snorg, uniq_rupert
Lair:4:   nicolae_swamp_entry_splash_gauntlet, guppyfry_snake_entry_island,
          grunt_megastairs_3, uniq_sonja
Lab:      labyrinth_watery, nicolae_lab_blocks

Skill      XL: |  1  2  3  4  5  6  7  8  9 10 11 12 |
---------------+-------------------------------------+-----
Axes           | 3 8 10 11 13 14 | 14.3
Fighting       | 4 9 11 12 13 15 16 | 16.6
Armour         | |  2.1
Dodging        | |  1.5

Action                   |  1- 3 |  4- 6 |  7- 9 | 10-12 | 13-15 || total
-------------------------+-------+-------+-------+-------+-------++-------
Melee: Hand axe          |   141 |    99 |   405 |   401 |       ||  1046
       Battleaxe         |       |       |       |   196 |    28 ||   224
Throw: Tomahawk          |       |       |       |    10 |       ||    10
Invok: Berserk           |       |     1 |     5 |     8 |     2 ||    16
       Trog's Hand       |       |       |     4 |       |       ||     4
       Brothers in Arms  |       |       |       |     3 |       ||     3
Evoke: Wand              |       |       |       |    12 |    12 ||    24
       Box of beasts     |       |       |       |       |     1 ||     1
       Phantom mirror    |       |       |       |       |     1 ||     1
  Use: Potion            |       |     7 |     5 |     4 |     7 ||    23
       Scroll            |       |     6 |     4 |    10 |     7 ||    27
  Eat: Chunk             |     1 |     5 |    14 |    24 |       ||    44
       Ration            |       |       |     1 |     3 |     2 ||     6
Armor: Animal skin       |    42 |       |       |       |       ||    42
       Chain mail        |       |    48 |   192 |    44 |       ||   284
       Plate armour      |       |       |       |    16 |       ||    16
       Scale mail        |       |       |       |   293 |   156 ||   449
       Troll leather arm |       |       |       |     2 |     3 ||     5
Dodge: Dodged            |    85 |    34 |    97 |   201 |    98 ||   515

Table legend:
 A = Spawn XP
 B = Non-spawn XP
 C = Spawn XP percentage of total XP
 D = Spawn monster count
 E = Non-spawn monster count
 F = Spawn count percentage of total count
 G = Total turns spent on level
                    A         B        C        D         E        F      G
               +---------+---------+-------+---------+---------+-------+---------
         Total |    1080 |   33006 |   3.2 |       1 |     332 |   0.3 | 15425
               +---------+---------+-------+---------+---------+-------+---------
           D:1 |       0 |      31 |   0.0 |       0 |      21 |   0.0 |   739
           D:2 |       0 |      89 |   0.0 |       0 |      31 |   0.0 |   837
           D:3 |       0 |     136 |   0.0 |       0 |      25 |   0.0 |   717
           D:4 |       0 |     617 |   0.0 |       0 |      35 |   0.0 |  1426
           D:5 |       0 |     861 |   0.0 |       0 |      16 |   0.0 |   774
           D:6 |       0 |     572 |   0.0 |       0 |      14 |   0.0 |   937
           D:7 |       0 |    1132 |   0.0 |       0 |      26 |   0.0 |   686
           D:8 |       0 |    2915 |   0.0 |       0 |      18 |   0.0 |   815
           D:9 |       0 |    3447 |   0.0 |       0 |      38 |   0.0 |   776
          D:10 |       0 |    2306 |   0.0 |       0 |      25 |   0.0 |   775
          D:11 |       0 |    4317 |   0.0 |       0 |      30 |   0.0 |   943
        Lair:1 |       0 |    2951 |   0.0 |       0 |      15 |   0.0 |  1134
        Lair:2 |       0 |    5045 |   0.0 |       0 |      14 |   0.0 |  2329
        Lair:3 |       0 |    6370 |   0.0 |       0 |      20 |   0.0 |  1085
        Lair:4 |       0 |    1497 |   0.0 |       0 |       3 |   0.0 |   217
       Abyss:2 |    1080 |       0 | 100.0 |       1 |       0 | 100.0 |   926
           Lab |       0 |     720 |   0.0 |       0 |       1 |   0.0 |   267
               +---------+---------+-------+---------+---------+-------+---------
